 Dungeon Crawl Stone Soup version 0.18-a0-1764-gf4ddf0b (webtiles) character file.

373 epen the Agent of Entropy (level 6, -5/56 HPs)
             Began as a Naga Abyssal Knight on Apr 13, 2016.
             Was a Priest of Lugonu.
             Slain by Menkaure (16 damage)
             ... on level 5 of the Dungeon.
             The game lasted 00:11:29 (5958 turns).

epen the Agent of Entropy (Naga Abyssal Knight)     Turns: 5958, Time: 00:11:30

Health: -5/56      AC:  7    Str: 19    XL:     6   Next: 72%
Magic:  9/9        EV:  5    Int: 13    God:    Lugonu [***...]
Gold:   304        SH:  3    Dex: 10    Spells: 0 memorised, 5 levels left

rFire  . . .     SeeInvis +     m - +2 short sword (speed)
rCold  . . .     Gourm    .     v - +0 chain mail
rNeg   . . .     Faith    .     h - +0 buckler
rPois  +         Spirit   .     (no helmet)
rElec  .         Dismiss  .     (no cloak)
rCorr  .         Reflect  .     t - +0 pair of gloves
SustAt .         Harm     +     (no barding)
MR     .....                    w - amulet of harm
Stlth  ..........               (no ring)
                                i - +3 ring of strength

@: very slow, not resistant to hostile enchantments, extremely unstealthy
A: see invisible, deformed body, poison resistance, slowness 2, slow metabolism
1, spit poison 2, AC +2
a: Spit Poison, Depart the Abyss, Bend Space, Banish, Renounce Religion


You were on level 5 of the Dungeon.
You worshipped Lugonu.
Lugonu was most pleased with you.
You were not hungry.

You visited 1 branch of the dungeon, and saw 5 of its levels.
You visited the Abyss 1 time.

You collected 304 gold pieces.

Inventory:

Hand Weapons
 a - a +1 falchion
 m - a +2 short sword of speed (weapon)
 u - a +3 halberd
Armour
 b - a +0 leather armour
 h - a +0 buckler (worn)
 l - a +0 plate armour
 n - a +0 pair of gloves
 r - a +0 ring mail
 t - a +0 pair of gloves (worn)
 v - a +0 chain mail (worn)
Jewellery
 i - a +3 ring of strength (left hand)
 w - an amulet of harm (around neck)
Wands
 q - a wand of teleportation (3/9)
Scrolls
 d - 6 scrolls of identify
 g - 3 scrolls of recharging
 j - 2 scrolls of remove curse
 k - a scroll of enchant weapon
 s - a scroll of magic mapping
 x - a scroll of blinking {unknown}
Potions
 e - 2 potions of curing
 o - 2 potions of agility {unknown}
 p - 2 potions of degeneration {unknown}
Comestibles
 c - 2 bread rations
 f - a beef jerky


   Skills:
 - Level 3.0 Fighting
 * Level 4.4 Long Blades
 - Level 1.5 Armour
 + Level 2.1 Dodging
 * Level 5.2 Invocations


You had 5 spell levels left.
You didn't know any spells.

Dungeon Overview and Level Annotations

Branches:
Dungeon (5/15)
 Temple: D:4-7

Altars:
Cheibriados
Fedhas
Nemelex Xobeh
Okawaru
Sif Muna
Zin

Shops:
D:4 (

Annotations:
D:5 Menkaure; skk's ghost, novice DsAs


Innate Abilities, Weirdness & Mutations

You cannot wear boots.
Your serpentine skin is tough (AC +2).
You have supernaturally acute eyesight.
Armour fits poorly on your strangely shaped body.
Your system is resistant to poisons.
You cover ground very slowly.
You have a slow metabolism.
You can spit poison.


Message History

You hit Menkaure.
Menkaure is moderately damaged.
Menkaure hits you but does no damage.
You hit Menkaure.
Menkaure is heavily damaged.
Menkaure hits you!
You hit Menkaure.
Menkaure is severely damaged.
Menkaure hums, "It doesn't hurt if you pull your brain out of your nose yourself."
Menkaure hits you!
* * * LOW HITPOINT WARNING * * *
You hit Menkaure.
Menkaure is almost destroyed.
Menkaure completely misses you.
You hit Menkaure.
Menkaure is almost destroyed.
You closely miss Menkaure.
Menkaure is almost destroyed.
Menkaure hits you!
You die...

#........#
####.#.#.#
#...#.#
....#.#
#.....##
#.......
##.......
#.M......
. #@#.# ..
#...# ...
#.<## .(..
#..#
.....#..#
........#
....#.#.#
......#.#
....###.#


You could see Menkaure.

Vanquished Creatures
  A scorpion (D:4)
  A hound (D:4)
  Jessica (D:2)
  A worker ant (D:3)
  Robin (D:4)
  8 gnolls
  4 adders
  2 oozes
  3 worms
  A giant gecko (D:1)
  8 orcs
  3 giant cockroaches
  15 goblins
  11 hobgoblins
  11 jackals
  3 quokkas
  3 ball pythons
  7 bats
  A giant newt (D:3)
  4 kobolds
  A quokka skeleton (D:5)
  6 rats
96 creatures vanquished.

Notes
Turn   | Place    | Note
--------------------------------------------------------------
     0 | Abyss:1  | epen the Naga Abyssal Knight began the quest for the Orb.
     0 | Abyss:1  | Reached XP level 1. HP: 21/21 MP: 2/2
    21 | D:1      | Escaped the Abyss
   190 | D:1      | Reached XP level 2. HP: 27/28 MP: 3/3
   283 | D:1      | Reached skill level 1 in Dodging
   992 | D:1      | Reached ** piety under Lugonu
  1289 | D:2      | Reached skill level 3 in Invocations
  1293 | D:2      | Reached XP level 3. HP: 3/34 MP: 5/5
  2347 | D:2      | Found a snail-covered altar of Cheibriados.
  2364 | D:2      | Noticed Jessica
  2383 | D:2      | Killed Jessica
  2383 | D:2      | Reached XP level 4. HP: 35/42 MP: 6/6
  2544 | D:2      | Reached skill level 4 in Invocations
  2544 | D:2      | Reached XP level 5. HP: 15/49 MP: 6/8
  2990 | D:3      | Found an iron altar of Okawaru.
  3122 | D:2      | HP: 2/49 [poisoned by a gnoll]
  3130 | D:2      | HP: 2/49 [poisoned by a gnoll]
  4210 | D:3      | Found a glowing silver altar of Zin.
  4210 | D:3      | Found a sparkling altar of Nemelex Xobeh.
  4325 | D:3      | Reached XP level 6. HP: 52/56 MP: 9/9
  4721 | D:4      | Noticed Robin
  4740 | D:4      | Killed Robin
  4982 | D:4      | Found a deep blue altar of Sif Muna.
  4998 | D:4      | Reached *** piety under Lugonu
  5051 | D:4      | Reached skill level 5 in Invocations
  5322 | D:4      | Found Unadente's Weapon Shop.
  5366 | D:4      | Found a blossoming altar of Fedhas.
  5482 | D:5      | Entered Level 5 of the Dungeon
  5482 | D:5      | Noticed skk's ghost (novice DsAs)
  5485 | D:5      | Noticed an ice beast
  5489 | D:5      | Noticed an ice beast
  5903 | D:5      | Noticed Menkaure
  5958 | D:5      | Slain by Menkaure

Vault maps used:
D:1:      roderic_octagonal_star, glass_columns_a
D:2:      cheibriados_altar_1, uniq_jessica
D:3:      lemuel_coloured_pillars_altar, gammafunk_temple_overflow_elements
D:4:      led_sif_pool, serial_shops, shop, fedhas_altar_2, uniq_robin
D:5:      old_standard_altar, minmay_temple_entry_mist, first_bread,
          serial_bayou_ford_a, uniq_menkaure

Skill      XL: |  1  2  3  4  5  6 |
---------------+-------------------+-----
Dodging        | 1 2 |  2.1
Invocations    | 3 4 5 |  5.2
Long Blades    | 3 4 |  4.4
Fighting       | |  3.0
Armour         | |  1.5

Action                   |  1- 3 |  4- 6 || total
-------------------------+-------+-------++-------
Melee: Falchion          |    64 |       ||    64
       Short sword       |    89 |   371 ||   460
 Abil: Spit Poison       |       |     5 ||     5
Evoke: Club              |       |     5 ||     5
  Use: Potion            |       |     2 ||     2
       Scroll            |       |    10 ||    10
  Eat: Chunk             |     1 |    10 ||    11
       Beef jerky        |     1 |       ||     1
Armor: Leather armour    |    22 |       ||    22
       Plate armour      |    74 |    15 ||    89
       Chain mail        |       |   103 ||   103
       Ring mail         |       |    17 ||    17
Dodge: Dodged            |    50 |    78 ||   128
Block: Buckler           |    23 |    39 ||    62
